Map: [ESL] Oceanborn

Players

Astrea

  • Race: Protoss Protoss
  • Spawn Location: 11:00

Erik - Winner!

  • Race: Zerg Zerg
  • Spawn Location: 5:00

Event: ESL SC2 Masters 2023 Winter (Regional)

VOD

Have the link to the VOD?

Description

Time

  • Played on: Nov. 1, 2023, 4:41 p.m.
  • Length: 4:32

All games in this series

Show
View Real Time Build Order
Export as new Build Order

Astrea Protoss 

Build Orders: 1 Gate Expand 

Get SALT Encoding   

  12  0:00  Probe  
  13  0:12  Probe  
  14  0:18  Pylon  
  14  0:24  Probe (Chrono Boost)  
  15  0:37  Probe (Chrono Boost)  
  15  0:38  Gateway  
  16  0:45  Probe (Chrono Boost)  
  16  0:46  Assimilator  
  17  0:51  Probe  
  18  1:03  Probe  
  19  1:15  Probe  
  20  1:25  Nexus  
  20  1:27  Probe  
  21  1:35  Cybernetics Core  
  21  1:40  Assimilator  
  21  1:43  Probe  
  22  1:49  Pylon  
  22  1:55  Probe  
  23  2:07  Probe (Chrono Boost)  
  24  2:09  Adept (Chrono Boost)  
  24  2:12  Warp Gate  
  26  2:17  Probe (Chrono Boost)  
  26  2:21  Twilight Council  
  26  2:22  Probe (Chrono Boost)  
  28  2:31  Stalker (Chrono Boost)  
  28  2:35  Probe  
  31  2:38  Probe  
  32  2:47  Probe  
  32  2:50  Probe  
  34  2:59  Probe  
  34  3:04  Probe  
  36  3:10  Gateway  
  36  3:11  Gateway  
  36  3:14  Probe  
  36  3:19  Probe  
  38  3:23  Robotics Facility  
  38  3:26  Probe  
  40  3:34  Probe  
  40  3:35  Gateway  
  40  3:38  Probe  
  41  3:45  Gateway  
  41  3:46  Probe  
  42  3:50  Gateway  
  42  3:54  Pylon  
  42  4:06  Pylon  
  33  4:11  Stalker  
  33  4:16  Probe  
Show
View Real Time Build Order
Export as new Build Order

Erik Zerg - Winner!

Build Orders: Hatch First 

Get SALT Encoding   

  12  0:00  Drone  
  13  0:08  Drone  
  14  0:14  Extractor  
  14  0:15  Drone  
  15  0:37  Hatchery  
  15  0:40  Extractor  
  15  0:41  Drone  
  15  0:48  Overlord  
  15  1:03  Spawning Pool  
  14  1:06  Drone  
  14  1:09  Drone  
  16  1:14  Drone  
  17  1:19  Drone  
  18  1:28  Drone, Extractor  
  18  1:39  Drone  
  19  1:49  Queen x2  
  19  1:50  Zergling x2  
  19  1:53  Drone  
  25  2:00  Drone  
  25  2:01  Drone  
  27  2:10  Roach Warren  
  27  2:12  Drone  
  27  2:14  Drone  
  28  2:25  Overlord  
  28  2:34  Overlord  
  27  2:51  Roach  
  27  2:52  Roach x3  
  27  2:54  Roach  
  37  3:00  Extractor  
  37  3:02  Zergling x4  
  37  3:03  Zergling x8  
  42  3:11  Overlord  
  43  3:12  Zergling x2  
  43  3:13  Ravager  
  44  3:25  Overlord  
  44  3:33  Overlord  
  44  3:44  Zergling x2  
  44  3:45  Zergling x6  
  44  3:46  Ravager  
  49  3:49  Queen  
  50  4:20  Ravager  
Tags
 
Add a new tag
Caveats
  • Supply blocks, unpowered buildings, or Contaminate may cause inaccurate times.
  • Supply counts are checked every 10 seconds.